 Dungeon Crawl Stone Soup version 0.30-a0-1075-gcd70e7a56d (webtiles) character file.

Game seed: 15441436526243483201

4 Pimp the Covered (level 1, -2/13 HPs)
             Began as a Demonspawn Wanderer on Apr 14, 2023.
             Frozen to death by an endoplasm (4 damage)
             ... on level 1 of the Dungeon.
             The game lasted 00:00:31 (86 turns).

Pimp the Covered (Demonspawn Wanderer)                Turns: 86, Time: 00:00:32

Health: -2/13      AC:  9    Str: 10    XL:     1   Next: 58%
Magic:  3/3        EV:  5    Int: 17    God:
Gold:   25         SH:  3    Dex: 10    Spells: 3/4 levels left

rFire   . . .      SeeInvis .    a - +0 club
rCold   . . .      Faith    .    b - +0 buckler
rNeg    . . .      Spirit   .    d - +0 chain mail
rPois   .          Reflect  .    (no helmet)
rElec   .          Rampage  .    (no cloak)
rCorr   .                        (no gloves)
Will    .....                    (no boots) Stlth
                                 (no amulet)
HPRegen 0.22/turn                (no ring)
MPRegen 0.08/turn                (no ring)

@: no status effects
A: no striking features
a: no special abilities


You were on level 1 of the Dungeon.
You visited 1 branch of the dungeon, and saw 1 of its levels.

You collected 25 gold pieces.

Inventory:

Hand Weapons
 a - a +0 club (weapon)
Armour
 b - a +0 buckler (worn)
 d - a +0 chain mail (worn)
Scrolls
 c - a scroll of teleportation
 e - a scroll of fog {unknown}


   Skills:
 + Level 1.1 Throwing
 + Level 2.7 Armour
 + Level 1.8 Shields
 + Level 2.0 Spellcasting
 + Level 2.1 Poison Magic


You had 3 spell levels left.
You knew the following spells:

 Your Spells              Type           Power      Damage    Failure   Level
a - Sting                 Tmut/Pois      20%        1d4       100%        1

Your spell library contained the following spells:

 Spells                   Type           Power      Damage    Failure   Level
 Mephitic Cloud           Conj/Pois/Air  4%         N/A       100%        3


Dungeon Overview and Level Annotations

Branches:
Dungeon (1/15)

Altars:


Message History

The jackal is severely wounded.
The jackal bites you. You block the jackal's attack.
You barely miss the jackal.
The jackal is severely wounded.
The jackal bites you but does no damage. x2
You barely miss the jackal.
The jackal is severely wounded.
The jackal bites you.
The endoplasm jiggles.
You closely miss the jackal.
The jackal is severely wounded.
The jackal bites you but does no damage.
The jackal barely misses you.
You miss the jackal.
The jackal is severely wounded.
The jackal bites you but does no damage.
You block the jackal's attack.
You closely miss the jackal.
The jackal is severely wounded.
You block the jackal's attack. The jackal barely misses you.
You hit the jackal.
You kill the jackal!
You closely miss the goblin. The goblin hits you with a +0 club.
You hit the goblin.
You kill the goblin!
The endoplasm freezes you.
You are frozen.
You hit the endoplasm but do no damage. The endoplasm hits you.
You hit the endoplasm but do no damage. The endoplasm freezes you.
You are frozen.
* * * LOW HITPOINT WARNING * * *
The endoplasm hits you but does no damage.
You barely miss the endoplasm. You block the endoplasm's attack.
You barely miss the endoplasm. The endoplasm barely misses you.
You hit the endoplasm.
The endoplasm is severely wounded.
The endoplasm freezes you.
You are frozen.
You die...

..# #.#### #....####
#.......#
#.⌠...⌠.#######
#..###........# #
#..#<#........# .#
...#'#.......h####..#
#.⌠...⌠......hBJ@...#
..............####.##
.#..####......# #
.#.## ##.###.....
.... #............
....##....?........
#...##...J...#####.
#...##.......#
#...##.......#


You could see an endoplasm, 2 jackals and a giant cockroach.

Vanquished Creatures
  A giant cockroach (D:1)
  2 jackals (D:1)
  A goblin (D:1)
4 creatures vanquished.

Notes
Turn   | Place    | Note
-------+----------+-------------------------------------------
     0 | D:1      | Pimp the Demonspawn Wanderer began the quest for the Orb.
     0 | D:1      | Pimp set off with the following items: a +0 club, a +0
                  | buckler, a scroll of teleportation, a +0 chain mail; and
                  | the following spell memorised: Sting; and the following
                  | spells available to memorise: Mephitic Cloud.
     0 | D:1      | Reached XP level 1. HP: 13/13 MP: 3/3
    86 | D:1      | Frozen to death by an endoplasm

Illustrated notes

Levels and vault maps discovered:
D:1:      scummos_arrival_simple_fountains, layout_basic

Action                     || total
---------------------------++-------
  Melee: Club              ||    29
 Armour: Chain mail        ||    24
  Dodge: Dodged            ||     6
  Block: Buckler           ||    12

Table legend: (Time is in decaauts)
 A = Elapsed time spent in this place.
 B = Non-inter-level travel time spent in this place.
 C = Inter-level travel time spent in this place.
 D = Time resting spent in this place.
 E = Time spent auto-exploring this place.
 F = Levels seen in this place.
 G = Mean time per level.
                   A        B        C        D        E       F      G
               +--------+--------+--------+--------+--------+-----+--------+
         Total |     95 |     95 |      0 |      0 |     44 |   1 |   95.0 |
       Dungeon |     95 |     95 |      0 |      0 |     44 |   1 |   95.0 |
               +--------+--------+--------+--------+--------+-----+--------+

Top non-repeatable levels by time:
     D:1: 95 daAuts
